 Dungeon Crawl Stone Soup version 0.32-a0-411-g744942f433 (webtiles) character file.

Game seed: 18025184150477652261

87 adelrune the Covered (level 4, -5/38 HPs)
             Began as an Armataur Fighter on Feb 20, 2024.
             Slain by Sigmund
             ... wielding a +2 scythe of venom
              (10 damage)
             ... on level 2 of the Dungeon.
             The game lasted 00:03:17 (1041 turns).

adelrune the Covered (Armataur Fighter)             Turns: 1041, Time: 00:03:18

Health: -5/38      AC:  9    Str: 23    XL:     4   Next: 28%
Magic:  4/4        EV:  6    Int:  8    God:
Gold:   102        SH:  4    Dex: 10    Spells: 3/3 levels left

rFire   . . .        a - +0 flail
rCold   . . .        c - +0 buckler
rNeg    . . .        j - +0 chain mail
rPois   .            l - +0 helmet
rElec   .            (no cloak)
rCorr   .            (no gloves)
SInv    .            (no barding)
Will    .....        (no amulet) Stlth
                     (no ring)
HPRegen 0.26/turn    (no ring)
MPRegen 0.09/turn

%: roll
@: mighty, lethally poisoned (-5 -> -20)
A: large, deformed body, tough skin 3, armoured tail, roll 1
a: no special abilities


You were on level 2 of the Dungeon.
You visited 1 branch of the dungeon, and saw 2 of its levels.

You collected 102 gold pieces.

Inventory:

Hand Weapons
 a - a +0 flail (weapon)
Armour
 b - a +0 scale mail
 c - a +0 buckler (worn)
 j - a +0 chain mail (worn)
 l - a +0 helmet (worn)
Scrolls
 f - a scroll of fear {unknown}
 g - a scroll of immolation {unknown}
 i - a scroll of vulnerability {unknown}
 n - a scroll of revelation {unknown}
Potions
 d - a potion of might
 e - a potion of ambrosia {unknown}
 h - a potion of enlightenment {unknown}
 k - a potion of degeneration {unknown}
 m - a potion of mutation {unknown}
 o - a potion of cancellation {unknown}


   Skills:
 + Level 3.2 Fighting
 * Level 2.9 Maces & Flails
 + Level 4.2 Armour
 + Level 3.8 Shields


You had 3 spell levels left.
You didn't know any spells.
Your spell library was empty.

Dungeon Overview and Level Annotations

Branches:
Dungeon (2/15)

Altars:

Annotations:
D:2 Sigmund


Innate Abilities, Weirdness & Mutations

Armour fits poorly on your strangely shaped body.
You have extremely tough skin. (AC +3)
You have a long armoured tail.
You regenerate magic when rolling toward enemies. (Rampage MPRegen)


Message History

You feel sick.
You feel sick.
You start resting.
You feel sick. x2
You are no longer poisoned.
You start resting.
A rat is nearby!
You roll towards the rat!
You roll towards the rat!
The rat barely misses you.
You hit the rat.
You kill the rat!
HP restored.
Found a stone.
There is an escape hatch in the floor here.
Found a hand axe.
You see here a +0 hand axe.
Found a dire flail.
Sigmund the Dreaded comes into view.
He is wielding a +2 scythe of venom.
Found a faded altar of an unknown god.
Sigmund shouts!
Sigmund mumbles some strange words.
Sigmund flickers and vanishes!
Deactivating autopickup; reactivate with Ctrl-A.
You see here a +0 dire flail.
You hear some strange, mumbled words.
Something tries to affect you, but you resist.
Something hits you.
You are poisoned.
You feel very mighty all of a sudden.
You feel very sick.
You hear some strange, mumbled words.
A magic dart appears from out of thin air!
The magic dart hits you!
You hit something.
You feel sick. Something hits you.
You closely miss something.
You feel sick. Something hits you!
You are lethally poisoned!
You closely miss something.
* * * LOW HITPOINT WARNING * * *
You feel extremely sick. Something hits you!
You die...

###.. #.# ..# ##....
.. _. #..##( .. {.
#.###. .##. #.# #. ...
####.# . ##.# ###)...#
.
##.##..########...####
. #.....){@.......###
. ...###..##########
#.## ... ####


There were no monsters in sight!

Vanquished Creatures
  An adder (D:2)
  A dart slug (D:1)
  6 bats
  5 endoplasms
  2 giant cockroaches
  4 hobgoblins
  8 jackals (D:2)
  2 quokkas (D:1)
  3 ball pythons (D:1)
  4 frilled lizards
  3 goblins (D:1)
  3 rats
42 creatures vanquished.

Notes
Turn   | Place    | Note
-------+----------+-------------------------------------------
     0 | D:1      | adelrune the Armataur Fighter began the quest for the Orb.
     0 | D:1      | Reached XP level 1. HP: 18/18 MP: 1/1
    46 | D:1      | Reached XP level 2. HP: 4/25 MP: 2/2
   330 | D:1      | Reached skill level 4 in Armour
   332 | D:1      | Reached XP level 3. HP: 30/30 MP: 3/3
   899 | D:2      | Reached XP level 4. HP: 34/38 MP: 4/4
  1029 | D:2      | Found a faded altar of an unknown god.
  1029 | D:2      | Noticed Sigmund
  1041 | D:2      | Slain by Sigmund

Illustrated notes

Levels and vault maps discovered:
D:1:      lightli_iron_boxes, layout_basic, minmay_hexomino_f4
D:2:      layout_rooms, ebering_ecumenical_altar_box, serial_bayou_pond_d,
          uniq_jessica, uniq_sigmund

Skill      XL: |  1  2  3 |
---------------+----------+-----
Maces & Flails | 2 |  2.9
Armour         | 4 |  4.2
Fighting       | 3 |  3.2
Shields        | |  3.8

Action                     |  1- 3 |  4- 6 || total
---------------------------+-------+-------++-------
  Melee: Flail             |   111 |    22 ||   133
         Tailslap          |    10 |     1 ||    11
    Use: Potion            |       |     1 ||     1
 Armour: Scale mail        |    22 |       ||    22
         Chain mail        |    72 |    25 ||    97
  Dodge: Dodged            |    40 |     3 ||    43
  Block: Buckler           |    40 |     5 ||    45

Table legend: (Time is in decaauts)
 A = Elapsed time spent in this place.
 B = Non-inter-level travel time spent in this place.
 C = Inter-level travel time spent in this place.
 D = Time resting spent in this place.
 E = Time spent auto-exploring this place.
 F = Levels seen in this place.
 G = Mean time per level.
                   A        B        C        D        E       F      G
               +--------+--------+--------+--------+--------+-----+--------+
         Total |   1081 |   1054 |     27 |    113 |    585 |   2 |  540.5 |
       Dungeon |   1081 |   1054 |     27 |    113 |    585 |   2 |  540.5 |
               +--------+--------+--------+--------+--------+-----+--------+

Top non-repeatable levels by time:
     D:1: 817 daAuts
     D:2: 263 daAuts
